 Dungeon Crawl Stone Soup version 0.30.1-11-g7821555f0a (webtiles) character file.

Game seed: 416103482442979327

280 Ivernyr the Shield-Bearer (level 6, -5/49 HPs)
             Began as a Formicid Fighter on Dec 6, 2023.
             Killed from afar by a steam dragon (19 damage)
             ... with a ball of steam
             ... on level 5 of the Dungeon.
             The game lasted 00:05:26 (3099 turns).

Ivernyr the Shield-Bearer (Formicid Fighter)        Turns: 3099, Time: 00:05:27

Health: -5/49      AC:  7    Str: 22    XL:     6   Next: 52%
Magic:  6/6        EV:  9    Int:  8    God:
Gold:   186        SH:  5    Dex: 13    Spells: 5/5 levels left

rFire   . . .        a - +0 quarterstaff
rCold   . . .        c - +0 buckler
rNeg    . . .        b - +0 scale mail
rPois   .            (helmet unavailable)
rElec   .            (no cloak)
rCorr   .            (no gloves)
SInv    +            (no boots)
Will    .....        (no amulet) Stlth
                     (no ring)
HPRegen 0.28/turn    (no ring)
MPRegen 0.10/turn

%: no passive effects
@: no status effects
A: permanent stasis, dig shafts and tunnels, antennae 3, four strong arms
a: Dig, Shaft Self


You were on level 5 of the Dungeon.
You visited 1 branch of the dungeon, and saw 5 of its levels.

You collected 186 gold pieces.

Inventory:

Hand Weapons
 a - a +0 quarterstaff (weapon)
Armour
 b - a +0 scale mail (worn)
 c - a +0 buckler (worn)
Jewellery
 r - a ring of magical power
 s - an amulet of magic regeneration
Wands
 t - a wand of flame (25)
Scrolls
 e - 4 scrolls of identify {unknown}
 f - 5 scrolls of teleportation {unknown}
 g - a scroll of amnesia {unknown}
 u - 2 scrolls of immolation {unknown}
 w - a scroll of vulnerability {unknown}
 x - a scroll of enchant weapon {unknown}
Potions
 d - 4 potions of might
 h - 2 potions of lignification {unknown}
 i - a potion of invisibility {unknown}
 j - a potion of berserk rage {unknown}
 k - a potion of attraction {unknown}
 l - a potion of mutation {unknown}
 m - 2 potions of brilliance {unknown}
 n - a potion of curing {unknown}
 o - a potion of cancellation {unknown}
 p - a potion of heal wounds {unknown}
 q - a potion of haste {unknown}
 v - 2 potions of degeneration {unknown}


   Skills:
 + Level 4.6 Fighting
 + Level 3.5 Staves
 + Level 4.6 Armour
 + Level 5.7 Shields


You had 5 spell levels left.
You didn't know any spells.
Your spell library contained the following spells:

 Spells                   Type           Power      Damage    Failure   Level
 Stone Arrow              Conj/Erth      0%         3d7       98%         3
 Anguish                  Hex/Necr       0%         N/A       100%        4
 Animate Armour           Summ/Erth      0%         N/A       100%        4
 Leda's Liquefaction      Hex/Erth       0%         N/A       100%        4
 Arcjolt                  Conj/Air       0%         1d10      100%        5
 Plasma Beam              Fire/Air       0%         2x1d11    100%        6
 Discord                  Hex            0%         N/A       100%        8
 Lehudib's Crystal Spear  Conj/Erth      0%         10d2      100%        8
 Vhi's Electric Charge    Tloc/Air       Unusable   N/A       N/A         3

Dungeon Overview and Level Annotations

Branches:
Dungeon (5/15)
 Temple: D:4-7

Altars:
Gozag
Kikubaaqudgha
Nemelex Xobeh
Trog

Annotations:
D:3 2 transporters, 3 runed translucent doors, ripuliukko's ghost, amateur GrEE


Innate Abilities, Weirdness & Mutations

You cannot be hasted, slowed, berserked, paralysed or teleported.
You can dig through walls and to a lower floor.
You have a pair of large antennae on your head. (SInv)
Your four strong arms can wield two-handed weapons with a shield.


Message History

You sock the adder!
You kill the adder!
You see here an adder corpse.
A steam dragon comes into view.
A steam dragon is nearby!
Found a ring mail.
The steam dragon completely misses you.
The steam dragon claws you but does no damage.
You completely miss the steam dragon. The steam dragon barely misses you.
The steam dragon claws you.
You barely miss the steam dragon. The steam dragon bites you!
The steam dragon claws you but does no damage.
You hit the steam dragon but do no damage.
You block the steam dragon's attack.
The steam dragon claws you but does no damage.
You hit the steam dragon.
The steam dragon is lightly wounded.
The steam dragon bites you. You block the steam dragon's attack.
The steam dragon breathes steam at you. The ball of steam hits you!
You barely miss the steam dragon.
The steam dragon is lightly wounded.
You are engulfed in a cloud of scalding steam.
The steam dragon bites you. The steam dragon barely misses you.
You block the steam dragon's attack. The steam dragon claws you.
You hit the steam dragon.
The steam dragon is moderately wounded.
You block the steam dragon's attack.
The steam dragon claws you but does no damage.
You hit the steam dragon but do no damage.
The steam dragon is moderately wounded.
You hear the slow rusting of a very distant drain.
The steam dragon bites you!
* * * LOW HITPOINT WARNING * * *
The steam dragon closely misses you.
You completely miss the steam dragon.
The steam dragon is moderately wounded.
The steam dragon breathes steam at you. The ball of steam hits you!!
You die...

#........ #........
##........ ##.........
##. ....... ## #.. ....
.# ##.####D### .#
#..##.§@..## .##
#..#.......# ..#####
#..#.......#
......####..§..._....[.
.##......#..#§......#...
.#####......#.......# ..
##..........##.....## .
#.#######..####.###
#..... ...


You could see a steam dragon (catching breath).

Vanquished Creatures
  A phantom (D:4)
  A scorpion (D:4)
  A sleepcap (D:5)
  Ijyb (D:3)
  3 adders
  An ufetubus (D:4)
  A dart slug (D:2)
  4 orcs (D:3)
  8 ball pythons
  6 endoplasms
  5 giant cockroaches
  5 goblins
  7 hobgoblins
  5 kobolds
  3 quokkas
  6 bats
  A frilled lizard (D:1)
  2 rats
61 creatures vanquished.

Notes
Turn   | Place    | Note
-------+----------+-------------------------------------------
     0 | D:1      | Ivernyr the Formicid Fighter began the quest for the Orb.
     0 | D:1      | Reached XP level 1. HP: 18/18 MP: 1/1
     2 | D:1      | Noticed a demigod
     2 | D:1      | Noticed a vine stalker
     4 | D:1      | Noticed a draconian
     4 | D:1      | Noticed a formicid
     6 | D:1      | Noticed a meteoran
     6 | D:1      | Noticed an elf
     8 | D:1      | Noticed a naga
    10 | D:1      | Noticed a troll
    12 | D:1      | Noticed an armataur
    12 | D:1      | Noticed a felid
    14 | D:1      | Noticed a demonspawn
    16 | D:1      | Noticed a merfolk
    16 | D:1      | Noticed a human
    18 | D:1      | Noticed an octopode
    18 | D:1      | Noticed a minotaur
    20 | D:1      | Noticed a vampire
    20 | D:1      | Noticed a ghoul
    23 | D:1      | Noticed an ogre
    23 | D:1      | Noticed a spriggan
    25 | D:1      | Noticed a vampire
    25 | D:1      | Noticed a gargoyle
    28 | D:1      | Noticed a minotaur
    28 | D:1      | Noticed a human
   179 | D:1      | Reached XP level 2. HP: 24/24 MP: 2/2
   618 | D:1      | Got the Handbook of the Destined Discharge
   631 | D:1      | Reached XP level 3. HP: 29/29 MP: 3/3
   911 | D:2      | Found a faded altar of an unknown god.
  1449 | D:2      | Reached XP level 4. HP: 37/37 MP: 4/4
  1595 | D:3      | Noticed an ice beast
  1599 | D:3      | Noticed a black bear
  1603 | D:3      | Found an opulent altar of Gozag.
  1975 | D:3      | Found a transporter.
  1979 | D:3      | Found a transporter.
  1992 | D:3      | Found an ancient bone altar of Kikubaaqudgha.
  2003 | D:3      | Noticed Ijyb
  2016 | D:3      | Killed Ijyb
  2017 | D:3      | Reached XP level 5. HP: 35/42 MP: 5/5
  2194 | D:3      | Found a runed translucent gate.
  2195 | D:3      | Found a runed translucent gate.
  2195 | D:3      | Found a runed translucent gate.
  2196 | D:3      | Found an opulent altar of Gozag.
  2196 | D:3      | Noticed ripuliukko's ghost (amateur GrEE)
  2295 | D:4      | Reached skill level 5 in Shields
  2529 | D:4      | Noticed a phantom
  2547 | D:4      | Killed a phantom
  2548 | D:4      | Reached XP level 6. HP: 38/49 MP: 6/6
  2639 | D:4      | Identified the +5 sling "Coubey" {flame, Dex+3}
  2665 | D:4      | Found a bloodstained altar of Trog.
  3051 | D:5      | Entered Level 5 of the Dungeon
  3064 | D:5      | Found a sparkling altar of Nemelex Xobeh.
  3087 | D:5      | Noticed a steam dragon
  3099 | D:5      | Killed from afar by a steam dragon

Illustrated notes

Levels and vault maps discovered:
D:1:      kb_arrival_jail, layout_basic
D:2:      layout_basic, dreamdust_ecumenical_altar_statues, serial_forest,
          infiniplex_forest_lined_3, infiniplex_forest_clump_diagonal,
          infiniplex_forest_lined_3_way, infiniplex_forest_zigzag_2,
          infiniplex_forest_lined_2, infiniplex_forest_zigzag_1,
          infiniplex_forest_end_1, infiniplex_forest_corner_1,
          minmay_tromino_v4_c
D:3:      layout_basic, gammafunk_temple_overflow_arena,
          nicolae_gozag_seed_capital, ebering_ghost_gozag,
          minmay_misc_feat_enclosed, uniq_ijyb
D:4:      nicolae_cairo_tiling_large_dashed, layout_gridville,
          mainiacjoe_overflow_alcove_4
D:5:      layout_rooms, old_standard_altar, minmay_temple_entry_statues,
          portal_sewer_entry_c

Skill      XL: |  1  2  3  4  5 |
---------------+----------------+-----
Fighting       | 4 |  4.6
Armour         | 4 |  4.6
Shields        | 5 |  5.7
Staves         | 3 |  3.5

Action                     |  1- 3 |  4- 6 || total
---------------------------+-------+-------++-------
  Melee: Quarterstaff      |   104 |   106 ||   210
 Armour: Scale mail        |    46 |    48 ||    94
  Dodge: Dodged            |    59 |    46 ||   105
  Block: Buckler           |    30 |    30 ||    60
